 Dungeon Crawl Stone Soup version 0.23-a0-448-g1c01f63 (webtiles) character file.

1890 galech the Chopper (level 8, -10/61 HPs)
             Began as a Demonspawn Fighter on Nov 19, 2018.
             Was a Follower of Okawaru (penitent).
             Mangled by a naga warrior
             ... wielding a +0 glaive
             ... created by the fury of Okawaru
              (16 damage)
             ... on level 6 of the Dungeon.
             The game lasted 00:07:33 (5948 turns).

galech the Chopper (Demonspawn Fighter)             Turns: 5948, Time: 00:07:33

Health: -10/61     AC: 11    Str: 18    XL:     8   Next: 92%
Magic:  8/8        EV:  6    Int: 13    God:    Okawaru [*]
Gold:   283        SH: 10    Dex: 16    Spells: 7/7 levels left

rFire    . . .     SeeInvis .   a - +0 war axe
rCold    . . .     Gourm    .   c - +0 shield
rNeg     . . .     Faith    .   l - +0 scale mail (curse)
rPois    +         Spirit   .   (helmet restricted)
rElec    .         Reflect  .   (no cloak)
rCorr    .         Harm     .   (no gloves)
MR       .....                  (no boots)
Stlth    ..........             (no amulet)
HPRegen  0.20/turn              e - +4 ring of intelligence
MPRegen  0.11/turn              (no ring)

@: constricted
A: hooves 1, horns 1, iridescent scales 2, demonic guardian 1, poison
resistance, powered by death 1, strong 1
a: Renounce Religion


You were on level 6 of the Dungeon.
You worshipped Okawaru.
Okawaru was demanding penance.
You were not hungry.

You visited 2 branches of the dungeon, and saw 7 of its levels.

You collected 283 gold pieces.

Inventory:

Hand Weapons
 a - a +0 war axe (weapon)
Armour
 b - a +0 scale mail
 c - a +0 shield (worn)
 l - a cursed +0 scale mail (worn)
 t - a cursed +0 chain mail
 y - a +0 plate armour
 A - a +1 robe of fire resistance
Jewellery
 e - a +4 ring of intelligence (left hand)
Wands
 z - a wand of enslavement (7)
Scrolls
 h - 3 scrolls of fog {unknown}
 i - 3 scrolls of enchant armour
 j - a scroll of remove curse
 k - 2 scrolls of amnesia
 p - a scroll of fear {unknown}
 r - 3 scrolls of teleportation {unknown}
 u - 2 scrolls of identify
 v - a scroll of magic mapping {unknown}
Potions
 d - a potion of might
 g - 2 potions of brilliance {unknown}
 m - a potion of haste {unknown}
 n - 2 potions of flight {unknown}
 o - a potion of cancellation {unknown}
 q - a potion of mutation
 s - a potion of degeneration {unknown}
 w - a potion of agility {unknown}
Comestibles
 f - 7 rations
 x - 7 chunks of flesh


   Skills:
 + Level 4.8 Fighting
 + Level 7.1 Axes
 + Level 5.0 Armour
 + Level 3.0 Dodging
 + Level 1.6 Stealth
 + Level 5.1 Shields


You had 7 spell levels left.
You didn't know any spells.
Your spell library contained the following spells:

 Spells                   Type           Power        Failure   Level  Hunger
 Infusion                 Chrm           #...         97%         1    ##.....
 Magic Dart               Conj           #...         97%         1    ##.....
 Searing Ray              Conj           #.....       99%         2    ###....
 Shroud of Golubria       Chrm/Tloc      #.........   99%         2    ###....
 Song of Slaying          Chrm           #.......     99%         2    ###....
 Dazzling Spray           Conj/Hex       #.....       100%        3    ####...
 Regeneration             Chrm/Necr      #.........   100%        3    ####...
 Spectral Weapon          Hex/Chrm       #.......     100%        3    ####...
 Force Lance              Conj/Tloc      #.......     100%        4    #####..
 Fulminant Prism          Conj/Hex       #.........   100%        4    #####..
 Iskenderun's Mystic Bla  Conj           #.......     100%        4    #####..


Dungeon Overview and Level Annotations

Branches:
Dungeon (6/15)             Temple (1/1) D:5

Altars:
Elyvilon
Fedhas
Hepliaklqana
Makhleb
Nemelex Xobeh
Okawaru
Qazlal
Sif Muna
Trog
Vehumet
Wu Jian
Xom
Yredelemnul
Zin


Innate Abilities, Weirdness & Mutations

You have large cloven feet.
You are mostly covered in iridescent scales. (AC +4)
A weak demonic guardian rushes to your aid.
You regenerate a little health from kills.
You have a pair of small horns on your head.
Your system is resistant to poisons. (rPois)
Your muscles are strong. (Str +2)


Message History

You block the orc warrior's attack. The orc hits you but does no damage.
The naga hits you from afar with a +0 trident!
You block the orc's attack.
The naga warrior hits you with a +0 glaive.
* * * LOW HITPOINT WARNING * * *
The naga warrior grabs you.
* * * LOW HITPOINT WARNING * * *
The naga warrior constricts you.
You barely miss the orc. You kick the orc.
You kill the orc!
That felt strangely unrewarding.
You hit the naga warrior. You slash the orc!
You kill the orc!
That felt strangely unrewarding.
You closely miss the orc warrior. You block the orc warrior's attack.
The naga hits you from afar with a +0 trident!
* * * LOW HITPOINT WARNING * * *
You barely miss the ogre. Your kick misses the ogre.
You closely miss the naga warrior. You hit the naga. You hit the orc warrior.
The naga warrior hits you with a +0 glaive!
You die...

#....# #.# #....# #.#
#....# #.# #....# # #.#
#....# #.##.#######
#....# #%........).
#....##########o########
##.............oNNNN....
##†#############@######
.).# #O# ...# #.# ...#
#.# ##.# #.# #.# #.# #.#
#.. #.# ### .#


You could see a naga warrior, a naga sharpshooter, an orc warrior, 2 nagas, an
ogre and an orc.

Vanquished Creatures
  Eustachio (D:5)
  A phantom (D:6)
  4 ice beasts
  An ogre (D:5)
  A centaur (D:5)
  2 crimson imps (D:5)
  A bullfrog zombie (D:6)
  3 orc priests
  A hound (D:5)
  2 jellies (D:2)
  6 orc wizards
  4 worker ants
  A killer bee zombie (D:3)
  6 gnolls
  5 adders
  A howler monkey skeleton (D:4)
  2 oozes
  5 worms
  4 dart slugs
  6 leopard geckos
  15 orcs
  8 giant cockroaches
  3 goblins
  5 hobgoblins
  3 iguanas
  8 jackals
  8 kobolds
  3 quokkas
  4 bats
  6 frilled lizards
  A giant cockroach zombie (D:5)
  A leopard gecko skeleton (D:6)
  A quokka skeleton (D:6)
  7 rats
130 creatures vanquished.

Vanquished Creatures (collateral kills)
  Sigmund (D:6)
  An orc warrior (D:6)
  An ogre (D:4)
  A scorpion (D:4)
  An orc priest (D:3)
  A gnoll (D:4)
  A leopard gecko (D:6)
  An orc (D:3)
  3 jackals (D:5)
11 creatures vanquished.

Grand Total: 141 creatures vanquished

Notes
Turn   | Place    | Note
-------+----------+-------------------------------------------
     0 | D:1      | galech the Demonspawn Fighter began the quest for the Orb.
     0 | D:1      | Reached XP level 1. HP: 18/18 MP: 1/1
   126 | D:1      | Gained mutation: You regenerate a little health from kills.
                  | [demonic ancestry]
   126 | D:1      | Reached XP level 2. HP: 9/24 MP: 2/2
   629 | D:1      | Gained mutation: You are partially covered in iridescent
                  | scales. (AC +2) [demonic ancestry]
   629 | D:1      | Reached XP level 3. HP: 29/29 MP: 3/3
   877 | D:2      | Gained mutation: Your muscles are strong. (Str +2) [potion
                  | of mutation]
   877 | D:2      | Gained mutation: You have a pair of small horns on your
                  | head. [potion of mutation]
   877 | D:2      | Gained mutation: Your system is resistant to poisons.
                  | (rPois) [potion of mutation]
   884 | D:2      | Reached skill level 2 in Axes
  1256 | D:2      | Gained mutation: You are mostly covered in iridescent
                  | scales. (AC +4) [demonic ancestry]
  1256 | D:2      | Reached XP level 4. HP: 30/35 MP: 4/4
  1342 | D:2      | Reached skill level 1 in Dodging
  1546 | D:2      | Found a shimmering altar of Xom.
  1614 | D:2      | Reached skill level 3 in Axes
  1614 | D:2      | Gained mutation: A weak demonic guardian rushes to your
                  | aid. [demonic ancestry]
  1614 | D:2      | Reached XP level 5. HP: 34/41 MP: 5/5
  3296 | D:3      | Gained mutation: You have large cloven feet. [demonic
                  | ancestry]
  3296 | D:3      | Reached XP level 6. HP: 44/47 MP: 6/6
  3719 | D:3      | Reached skill level 4 in Axes
  4085 | D:4      | Found a white marble altar of Elyvilon.
  4097 | D:4      | Reached XP level 7. HP: 40/53 MP: 7/7
  4699 | D:5      | Entered Level 5 of the Dungeon
  4710 | D:5      | Noticed Eustachio
  4713 | D:5      | Reached skill level 5 in Axes
  4733 | D:5      | Killed Eustachio
  4733 | D:5      | Reached skill level 1 in Stealth
  4955 | D:5      | Found a staircase to the Ecumenical Temple.
  4960 | Temple   | Entered the Ecumenical Temple
  5038 | Temple   | Became a worshipper of Warmaster Okawaru
  5240 | D:5      | Reached XP level 8. HP: 52/60 MP: 8/8
  5551 | D:6      | Reached * piety under Okawaru
  5551 | D:6      | Reached skill level 6 in Axes
  5748 | D:6      | Found a glowing silver altar of Zin.
  5767 | D:6      | Reached skill level 5 in Armour
  5798 | D:6      | Reached skill level 5 in Shields
  5799 | D:6      | Found a blossoming altar of Fedhas.
  5820 | D:6      | Noticed Sigmund
  5827 | D:6      | Was placed under penance by Okawaru
  5827 | D:6      | Killed Sigmund
  5827 | D:6      | Reached skill level 7 in Axes
  5943 | D:6      | Noticed a naga warrior
  5943 | D:6      | Noticed a naga sharpshooter
  5948 | D:6      | Mangled by a naga warrior

Vault maps used:
D:1:      lightli_arrival_boilingwater
D:2:      dk_xom_monty_hall
D:4:      elyvilon_altar_3, minmay_liquid_box
D:5:      minmay_temple_entry_proselytizer, first_ration, uniq_eustachio
D:6:      old_standard_altar, basic_altar, uniq_sigmund
Temple:   regret_index_temple_mists

Skill      XL: |  1  2  3  4  5  6  7  8 |
---------------+-------------------------+-----
Armour         | 3 4 5 |  5.0
Axes           | 2 3 4 5 7 |  7.1
Shields        | 3 4 5 |  5.1
Dodging        | 1 2 3 |  3.0
Stealth        | 1 |  1.6
Fighting       | 4 |  4.8

Action                   |  1- 3 |  4- 6 |  7- 9 || total
-------------------------+-------+-------+-------++-------
Melee: War axe           |   102 |   182 |   179 ||   463
       Headbutt          |     5 |    28 |    45 ||    78
       Kick              |       |    25 |    61 ||    86
Invok: Heroism           |       |       |     1 ||     1
  Use: Potion            |     2 |       |       ||     2
       Scroll            |       |     4 |       ||     4
 Stab: Distracted        |       |     1 |     1 ||     2
  Eat: Chunk             |     1 |    10 |     6 ||    17
Armor: Scale mail        |    45 |    82 |    80 ||   207
Dodge: Dodged            |    27 |    76 |    63 ||   166
Block: Shield            |    53 |    79 |    97 ||   229

Table legend:
 A = Non-vault XP
 B = Vault XP
 C = Vault XP percentage of total XP
 D = Non-vault monster count
 E = Vault monster count
 F = Vault count percentage of total count
                 A         B        C        D         E       F
            +---------+---------+-------+---------+---------+-------
      Total |    2224 |     477 |  17.7 |     134 |       5 |   3.6
            +---------+---------+-------+---------+---------+-------
        D:1 |      42 |       0 |   0.0 |      24 |       0 |   0.0
        D:2 |     161 |      87 |  35.1 |      23 |       3 |  11.5
        D:3 |     262 |       0 |   0.0 |      25 |       0 |   0.0
        D:4 |     338 |       0 |   0.0 |      16 |       0 |   0.0
        D:5 |     649 |     194 |  23.0 |      30 |       1 |   3.2
        D:6 |     772 |     196 |  20.2 |      16 |       1 |   5.9
            +---------+---------+-------+---------+---------+-------
